 Dungeon Crawl Stone Soup version 0.26-a0-1145-gf5f8a83f67 (webtiles) character file.

Game seed: 3058955969507968948

1103 Delamore the Basher (level 8, -8/49 HPs)
             Began as a Gargoyle Fighter on Dec 22, 2020.
             Was a Believer of Okawaru.
             Splashed by Ijyb's acid (11 damage)
             ... on level 5 of the Dungeon.
             The game lasted 00:05:57 (5941 turns).

Delamore the Basher (Gargoyle Fighter)              Turns: 5941, Time: 00:05:58

Health: -8/49      AC:  6    Str: 21    XL:     8   Next: 32%
Magic:  0/8        EV:  5    Int: 10    God:    Okawaru [**....]
Gold:   318        SH:  9    Dex:  9    Spells: 7/7 levels left

rFire    . . .     SeeInvis .   a - +0 flail
rCold    . . .     Faith    .   c - +0 kite shield
rNeg     + . .     Spirit   +   n - +0 chain mail
rPois    ∞         Reflect  .   (no helmet)
rElec    +         Harm     .   (no cloak)
rCorr    .         Rampage  .   (no gloves)
Will     .....                  (no boots)
Stlth    ..........             l - amulet of guardian spirit
HPRegen  0.16/turn              (no ring)
MPRegen  0.11/turn              (no ring)

@: corroded
A: negative energy resistance 1, electricity resistance, unbreathing,
petrification resistance, miasma immunity, AC +5
a: Renounce Religion, Heroism


You were on level 5 of the Dungeon.
You worshipped Okawaru.
Okawaru was pleased with you.
You visited 1 branch of the dungeon, and saw 5 of its levels.

You collected 318 gold pieces.

Inventory:

Hand Weapons
 a - a +0 flail (weapon)
 s - a +0 morningstar
Missiles
 q - 6 poisoned darts (quivered)
Armour
 b - a +0 scale mail
 c - a +0 kite shield (worn)
 n - a +0 chain mail (worn)
Jewellery
 g - an uncursed amulet of magic regeneration
 l - an amulet of guardian spirit (around neck)
Wands
 t - a wand of random effects (16)
 x - a wand of flame (25)
Scrolls
 h - a scroll of remove curse
 i - 2 scrolls of magic mapping
 j - a scroll of identify
 k - a scroll of random uselessness
 o - a scroll of fear {unknown}
 p - a scroll of noise {unknown}
 r - a scroll of enchant weapon {unknown}
 v - a scroll of teleportation {unknown}
Potions
 d - 4 potions of might
 e - 4 potions of heal wounds
 f - 2 potions of brilliance {unknown}
 m - 2 potions of flight {unknown}
 u - a potion of degeneration {unknown}
 w - a potion of curing {unknown}


   Skills:
 - Level 5.0 Fighting
 + Level 8.5 Maces & Flails
 - Level 3.2 Armour
 - Level 5.0 Shields


You had 7 spell levels left.
You didn't know any spells.
Your spell library contained the following spells:

 Spells                   Type           Power        Failure   Level
 Gell's Gravitas          Tloc           0%           100%        3
 Portal Projectile        Hex/Tloc       0%           100%        3
 Dispersal                Tloc           0%           100%        6
 Disjunction              Tloc           0%           100%        8


Dungeon Overview and Level Annotations

Branches:
Dungeon (5/15)             Temple (0/1) D:5

Altars:
Dithmenos
Fedhas
Nemelex Xobeh
Okawaru
Ru
Sif Muna

Annotations:
D:2 exclusion: oklob plant
D:5 Ijyb


Innate Abilities, Weirdness & Mutations

You are resistant to torment.
Your stone body is resilient. (AC +5)
You are immune to poison.
You resist negative energy. (rN+)
You are resistant to electric shocks. (rElec)
You can survive without breathing.
You are immune to petrification.
You are immune to miasma.


Message History

You are too injured to fight recklessly!
You are too injured to fight recklessly!
You are too injured to fight recklessly!
You are too injured to fight recklessly!
You are too injured to fight recklessly!
You are too injured to fight recklessly!
Ijyb hits you.
Found a leather armour.
You barely miss Ijyb. Ijyb hits you but does no damage.
You hit Ijyb but do no damage. You block Ijyb's attack.
You thump Ijyb!
Ijyb is moderately wounded.
Ijyb hits you.
* * * LOW HITPOINT WARNING * * *
You hit Ijyb but do no damage.
Ijyb is moderately wounded.
Ijyb zaps a wand.
The bolt of acid hits you!
* * * LOW HITPOINT WARNING * * *
The acid corrodes you!
You are splashed with acid!
You die...

#...........# #..##.....##.#
#...........###...#.....##.#
#...........##..#....>......
#..............#..##........
#.................#########.
#..........#.#.....# #...
#......(...#.#.##..# #...
#..............###... #...
###########@...# #(#. #...
#..g.## .# #... #..#..# .#
..... ...# ..# ##.... #.##
..# ###.. #. ..# #.. # ..#
#.. ..[


You could see Ijyb.

Vanquished Creatures
  An ice beast (D:5)
  A phantom (D:4)
  2 ogres (D:4)
  A scorpion (D:4)
  A howler monkey (D:4)
  A hound (D:4)
  3 orc priests
  3 orc wizards (D:4)
  2 bullfrog skeletons (D:5)
  An iguana (D:3)
  4 worker ants
  8 gnolls
  2 howler monkey skeletons (D:4)
  7 adders
  2 oozes (D:1)
  An adder skeleton (D:4)
  5 worms
  A dart slug (D:4)
  2 leopard geckos
  12 orcs
  11 bats
  3 giant cockroaches
  9 goblins
  4 hobgoblins
  8 jackals
  A quokka (D:4)
  2 ball pythons (D:2)
  4 frilled lizards
  11 kobolds
  A quokka skeleton (D:4)
  5 rats
119 creatures vanquished.

Notes
Turn   | Place    | Note
-------+----------+-------------------------------------------
     0 | D:1      | Delamore the Gargoyle Fighter began the quest for the Orb.
     0 | D:1      | Reached XP level 1. HP: 14/14 MP: 1/1
   125 | D:1      | Reached XP level 2. HP: 11/19 MP: 2/2
   468 | D:1      | Reached XP level 3. HP: 24/24 MP: 3/3
  1008 | D:2      | Found a shadowy altar of Dithmenos.
  1154 | D:2      | Reached XP level 4. HP: 29/29 MP: 4/4
  1359 | D:2      | Found a blossoming altar of Fedhas.
  1374 | D:2      | Noticed an oklob plant
  1520 | D:2      | Reached skill level 3 in Maces & Flails
  2341 | D:3      | Reached XP level 5. HP: 27/34 MP: 3/5
  2408 | D:3      | Found a shimmering blue altar of Sif Muna.
  3278 | D:3      | Found an iron altar of Okawaru.
  3284 | D:3      | Became a worshipper of Warmaster Okawaru
  3632 | D:3      | Reached XP level 6. HP: 32/40 MP: 3/6
  3653 | D:3      | Reached skill level 5 in Fighting
  3653 | D:3      | Reached skill level 5 in Shields
  3661 | D:3      | Reached skill level 4 in Maces & Flails
  3990 | D:3      | Found a sacrificial altar of Ru.
  4304 | D:4      | Found a sparkling altar of Nemelex Xobeh.
  4655 | D:4      | Reached * piety under Okawaru
  4656 | D:4      | Reached skill level 5 in Maces & Flails
  4656 | D:4      | Reached XP level 7. HP: 44/44 MP: 7/7
  4696 | D:4      | Reached skill level 6 in Maces & Flails
  5171 | D:4      | Reached skill level 7 in Maces & Flails
  5401 | D:4      | Reached XP level 8. HP: 44/49 MP: 8/8
  5695 | D:5      | Entered Level 5 of the Dungeon
  5715 | D:5      | Reached skill level 8 in Maces & Flails
  5775 | D:5      | Reached ** piety under Okawaru
  5870 | D:5      | Found a staircase to the Ecumenical Temple.
  5933 | D:5      | Noticed Ijyb
  5941 | D:5      | Splashed by Ijyb's acid

Illustrated notes

Levels and vault maps discovered:
D:1:      dpeg_arrival_solitude, layout_loops_cross
D:2:      layout_basic, lemuel_crystal_altar, tgw_fedhas
D:3:      layout_basic, nicolae_overflow_crystal_walls, okawaru_gym_becter,
          kennysheep_cross_room, nicolae_ru_the_path_less_chosen
D:4:      layout_cave_pools, nemelex_xobeh_ov_fountains_minmay,
          chequers_mini_garden, minmay_box_of_dots
D:5:      layout_rooms, grunt_temple_overflow_gold_and_silver,
          gammafunk_temple_overflow_elements, minmay_temple_entry_statues,
          kennysheep_generic_room_3, uniq_prince_ribbit1, uniq_ijyb

Skill      XL: |  1  2  3  4  5  6  7  8 |
---------------+-------------------------+-----
Fighting       | 4 5 |  5.0
Shields        | 4 5 |  5.0
Maces & Flails | 3 5 7 8 |  8.5
Armour         | |  3.2

Action                   |  1- 3 |  4- 6 |  7- 9 || total
-------------------------+-------+-------+-------++-------
Melee: Flail             |   117 |   261 |   189 ||   567
Throw: Dart              |       |     3 |     5 ||     8
  Use: Scroll            |       |       |     4 ||     4
Armor: Scale mail        |    69 |    67 |       ||   136
       Chain mail        |       |    87 |   195 ||   282
Dodge: Dodged            |    50 |    78 |    47 ||   175
Block: Kite shield       |    54 |   155 |   129 ||   338

Table legend: (Time is in decaauts)
 A = Elapsed time spent in this place.
 B = Non-inter-level travel time spent in this place.
 C = Inter-level travel time spent in this place.
 D = Time resting spent in this place.
 E = Time spent auto-exploring this place.
 F = Levels seen in this place.
 G = Mean time per level.
                   A        B        C        D        E       F      G
               +--------+--------+--------+--------+--------+-----+--------+
         Total |   6096 |   5909 |    187 |   1030 |   3740 |   5 | 1219.2 |
       Dungeon |   6096 |   5909 |    187 |   1030 |   3740 |   5 | 1219.2 |
               +--------+--------+--------+--------+--------+-----+--------+

Top non-repeatable levels by time:
     D:3: 2432 daAuts
     D:2: 1610 daAuts
     D:1: 1021 daAuts
     D:4: 781 daAuts
     D:5: 249 daAuts
